 Dungeon Crawl Stone Soup version 0.31-a0-868-g674d60d6f7 (webtiles) character file.

Game seed: 13933811067656628225

387 LeprechaunX the Changeling (level 6, -3/42 HPs)
             Began as an Octopode Shapeshifter on Oct 11, 2023.
             Slain by Ijyb
             ... wielding a +2 spectral club
              (6 damage)
             ... while paralysed by Ijyb
             ... on level 3 of the Dungeon.
             The game lasted 00:02:48 (2107 turns).

LeprechaunX the Changeling (Octopode Shapeshifter)  Turns: 2107, Time: 00:02:49

Health: -3/42      AC:  1    Str: 15    XL:     6   Next: 78%
Magic:  6/6        EV:  2    Int: 13    God:
Gold:   147        SH:  0    Dex: 11    Spells: 5/5 levels left

rFire   . .          .
                       - Unarmed
rCold   . . .        (no shield)
rNeg    . . .        (helmet currently unavailable)
rPois   .            d - amulet of the acrobat
rElec   .            (no ring)
rCorr   .            (no ring)
SInv    .            (no ring)
Will    .....        (no ring)
Stlth   ++           (no ring)
HPRegen 0.27/turn    (no ring)
MPRegen 0.10/turn    (no ring)
                     (no ring)

%: acrobat
@: paralysed, beast-form
A: beast (slay +2), almost no armour, amphibious, 8 rings, camouflage 1,
gelatinous body 1, (nimble swimmer 1), tentacles
a: Begin Untransformation


You were on level 3 of the Dungeon.
You were a hulking beast.
You visited 1 branch of the dungeon, and saw 3 of its levels.

You collected 147 gold pieces.

Inventory:

Jewellery
 d - an amulet of the acrobat (around mantle)
 r - an amulet of magic regeneration
Talismans
 b - a beast talisman (active)
 c - a flux talisman
Scrolls
 e - a scroll of amnesia {unknown}
 g - a scroll of torment {unknown}
 h - a scroll of immolation {unknown}
 k - 2 scrolls of poison {unknown}
 l - a scroll of identify {unknown}
 m - 3 scrolls of teleportation {unknown}
 n - a scroll of noise {unknown}
 q - a scroll of fear {unknown}
 s - a scroll of vulnerability {unknown}
Potions
 a - a potion of lignification
 f - 2 potions of ambrosia {unknown}
 i - a potion of curing {unknown}
 j - a potion of heal wounds {unknown}
 o - a potion of haste {unknown}
 p - a potion of enlightenment {unknown}


   Skills:
 + Level 3.0 Fighting
 + Level 3.5 Dodging
 + Level 4.2 Unarmed Combat
 * Level 4.9 Shapeshifting


You had 5 spell levels left.
You didn't know any spells.
Your spell library contained the following spells:

 Spells                   Type           Power      Damage    Failure   Level
 Sandblast                Erth           0%         2d4       30%         1
 Passwall                 Tmut/Erth      0%         N/A       43%         2
 Static Discharge         Conj/Air       0%         2-2/arc   43%         2
 Stone Arrow              Conj/Erth      0%         3d7       67%         3
 Airstrike                Air            0%         2d(0-16)  97%         4
 Brom's Barrelling Bould  Conj/Erth      0%         2d3       97%         4
 Summon Lightning Spire   Summ/Air       0%         N/A       97%         4


Dungeon Overview and Level Annotations

Branches:
Dungeon (3/15)

Altars:
Sif Muna
Trog
Vehumet

Annotations:
D:3 Ijyb


Innate Abilities, Weirdness & Mutations

You are a hulking beast.
Your limbs bulge with bestial killing power. (Slay +2)
You cannot wear most types of armour.
You are amphibious.
You can wear up to eight rings at the same time.
Your skin changes colour to match your surroundings (Stealth+).
Your rubbery body absorbs attacks. (AC +1, EV +1)
((You are camouflaged when in or above water. (Stealth+)))
You have tentacles for arms and can constrict up to eight enemies at once.


Message History

The helpless hobgoblin fails to defend itself.
You tentacle-slap the hobgoblin but do no damage.
Your grab misses the hobgoblin. Your squeeze misses the hobgoblin.
You tentacle-slap the hobgoblin. Your grab misses the hobgoblin.
You squeeze the hobgoblin, but do no damage.
The hobgoblin is severely wounded.
The hobgoblin hits you.
You tentacle-slap the hobgoblin.
You kill the hobgoblin!
No target in view!
No target in view!
No target in view!
No target in view!
No target in view!
You see here a hobgoblin corpse.
Ijyb the Twisted Goblin comes into view.
She is wielding a +2 spectral club and carrying a wand of paralysis.
Ijyb shouts!
Ijyb is nearby!
Ijyb is nearby!
Ijyb is nearby!
You tentacle-slap Ijyb. You grab Ijyb. You squeeze Ijyb.
Ijyb is moderately wounded.
You constrict Ijyb. Ijyb barely misses you. The +2 spectral club hits you!
A +2 spectral club comes into view.
You barely miss Ijyb.
Ijyb is moderately wounded.
You constrict Ijyb. The +2 spectral club hits you!
The +2 spectral club hits you.
A rat comes into view.
Ijyb closely misses you. The +2 spectral club hits you.
You tentacle-slap Ijyb but do no damage.
Ijyb is heavily wounded.
You constrict Ijyb. The +2 spectral club hits you.
Ijyb zaps a wand.
You suddenly lose the ability to move!
You lose your grip on Ijyb.
The +2 spectral club hits you!
* * * LOW HITPOINT WARNING * * *
The +2 spectral club hits you!
* * * LOW HITPOINT WARNING * * *
The +2 spectral club disappears.
Ijyb hits you with a +2 spectral club.
You die...

.#........#...##
..........#...#
#........#..)### # #
#.......##.....#
#.###.#.......##...###
.....!#.......##...#
........###..)....#
#..#..#..##........##
..r...gh...._.......#
#..#..#..#.........##
#. #..#....⌠.._.#
#.#..#............#
#.........._......#
#.#..#.##........##
.....#.####......#
#.#. #...........# #
#. #######..#..#


You could see Ijyb and a rat.

Vanquished Creatures
  Sigmund (D:2)
  Natasha (thrice) (D:2)
  A gnoll (D:1)
  7 adders
  2 dart slugs
  A bat (D:1)
  11 endoplasms
  9 giant cockroaches
  9 hobgoblins
  A quokka (D:1)
  5 ball pythons
  3 frilled lizards
  5 goblins
  6 kobolds
  2 rats
66 creatures vanquished.

Notes
Turn   | Place    | Note
-------+----------+-------------------------------------------
     0 | D:1      | LeprechaunX the Octopode Shapeshifter began the quest for
                  | the Orb.
     0 | D:1      | Reached XP level 1. HP: 13/13 MP: 1/1
   171 | D:1      | Reached XP level 2. HP: 14/18 MP: 2/2
   408 | D:1      | Reached XP level 3. HP: 23/23 MP: 3/3
  1056 | D:2      | Reached XP level 4. HP: 10/29 MP: 4/4
  1299 | D:2      | Noticed Sigmund
  1325 | D:2      | Killed Sigmund
  1326 | D:2      | Reached XP level 5. HP: 15/35 MP: 5/5
  1326 | D:2      | Reached XP level 6. HP: 18/41 MP: 6/6
  1700 | D:2      | Noticed Natasha
  1706 | D:2      | Killed Natasha
  1778 | D:2      | Noticed Natasha
  1787 | D:2      | Killed Natasha
  1828 | D:2      | Noticed Natasha
  1834 | D:2      | Killed Natasha
  2042 | D:3      | Found a radiant altar of Vehumet.
  2045 | D:3      | Found a shimmering blue altar of Sif Muna.
  2047 | D:3      | Found a bloodstained altar of Trog.
  2103 | D:3      | Noticed Ijyb
  2106 | D:3      | Paralysed by Ijyb for 2 turns
  2107 | D:3      | Slain by Ijyb

Illustrated notes

Levels and vault maps discovered:
D:1:      roderic_lyre, layout_loops_ring
D:2:      layout_basic, minmay_stone_trees_small, kennysheep_generic_room_14,
          uniq_sigmund, uniq_natasha
D:3:      layout_basic, amethyst_overflow_temple_binary,
          grunt_temple_overflow_open, uniq_robin, uniq_ijyb

Skill      XL: |  1  2  3  4  5  6 |
---------------+-------------------+-----
Fighting       | 2 3 |  3.0
Dodging        | 3 |  3.5
Shapeshifting  | 4 |  4.9
Unarmed Combat | 4 |  4.2

Action                     |  1- 3 |  4- 6 || total
---------------------------+-------+-------++-------
  Melee: Unarmed           |    58 |    91 ||   149
         Constrict         |    19 |    16 ||    35
         Tentacles         |    12 |    12 ||    24
         Punch             |       |     5 ||     5
    Use: Potion            |       |     1 ||     1
   Stab: Sleeping          |     2 |     4 ||     6
 Armour: Skin              |    15 |    44 ||    59
  Dodge: Dodged            |    27 |    31 ||    58

Table legend: (Time is in decaauts)
 A = Elapsed time spent in this place.
 B = Non-inter-level travel time spent in this place.
 C = Inter-level travel time spent in this place.
 D = Time resting spent in this place.
 E = Time spent auto-exploring this place.
 F = Levels seen in this place.
 G = Mean time per level.
                   A        B        C        D        E       F      G
               +--------+--------+--------+--------+--------+-----+--------+
         Total |   2097 |   1966 |    131 |      4 |   1568 |   3 |  699.0 |
       Dungeon |   2097 |   1966 |    131 |      4 |   1568 |   3 |  699.0 |
               +--------+--------+--------+--------+--------+-----+--------+

Top non-repeatable levels by time:
     D:1: 1040 daAuts
     D:2: 800 daAuts
     D:3: 256 daAuts
